 Dungeon Crawl Stone Soup version 0.31-a0-744-gbc345e7fcb (webtiles) character file.

Game seed: 10012234242341411565

221718 kuniqs the Warrior (level 18, -5/153 HPs)
             Began as a Demonspawn Berserker on Sept 13, 2023.
             Was a High Priest of Trog.
             Slain by a +5 vampiric scimitar (15 damage)
             ... on level 2 of the Elven Halls.
             The game lasted 01:18:32 (31977 turns).

kuniqs the Warrior (Demonspawn Berserker)          Turns: 31977, Time: 01:18:32

Health: -5/153     AC: 10    Str: 26    XL:     18   Next: 51%
Magic:  0/23       EV: 28    Int:  8    God:    Trog [*****.]
Gold:   2027       SH:  0    Dex: 20    Spells: 17/17 levels left

rFire   + . .        T - +2 rapier "kuniqs's Foe" {venom, *Rage rN+ Str+3 Dex+4}
rCold   + . .        (no shield)
rNeg    + . .        s - +5 moon troll leather armour {Spirit, Regen++ MP+5}
rPois   .            (helmet unavailable)
rElec   +            (cloak unavailable)
rCorr   .            (gloves unavailable)
SInv    .            (no boots)
Will    +++..        Y - amulet of the Air {Inacc Air Fly rElec RMsl}
Stlth   ++           R - +5 ring of evasion
HPRegen 3.05/turn    p - ring "Poidirat" {rF+ rC+}
MPRegen 0.36/turn

%: inaccuracy (-5), random rage (20%), repel missiles, guardian spirit
@: about to teleport, strong-willed, on berserk cooldown, flying, regenerating,
slowed, studying 3 skills, very slow
A: horns 3, magic shield, magic regeneration, demonic magic 2, weakness stinger
3, demonic touch 3, hooves 2
}: 1/15 runes: barnacled
a: Renounce Religion, Berserk, Trog's Hand, Brothers in Arms


You were on level 2 of the Elven Halls.
You worshipped Trog.
Trog was extremely pleased with you.
You visited 6 branches of the dungeon, and saw 29 of its levels.
You also visited: Gauntlet, Ice Cave and Desolation.

You collected 4800 gold pieces.
You spent 2773 gold pieces at shops.

Inventory:

Hand Weapons
 x - a +1 heavy quick blade
 T - the +2 rapier "kuniqs's Foe" (weapon) {venom, *Rage rN+ Str+3 Dex+4}
   (You bought it in a shop on level 13 of the Dungeon)

   Str+3:     It affects your strength (+3).
   Dex+4:     It affects your dexterity (+4).
   rN+:       It protects you from negative energy.
   *Rage:     It berserks you when you make melee attacks (+20% chance).
Missiles
 G - 9 curare-tipped darts (quivered)
Armour
 s - the +5 moon troll leather armour (worn) {Spirit, Regen++ MP+5}
   (You found it on level 5 of the Lair of Beasts)

   MP+5:      It affects your magic capacity (+5).
   Regen++:   It increases your rate of health regeneration.
 v - the +3 ice dragon scales of Intense Fun {+Inv rF- rC++ Dex+2}
   (You found it in the Desolation of Salt)

   Dex+2:     It affects your dexterity (+2).
   rF-:       It makes you vulnerable to fire.
   rC++:      It greatly protects you from cold.
   +Inv:      It lets you turn invisible.
Jewellery
 a - a +6 ring of dexterity
 g - the ring "Bowai" {Ice *Corrode rN+++ Dex+4}
   (You found it in the Desolation of Salt)

   [ring of ice]

   Ice:       It enhances your ice magic.
   Dex+4:     It affects your dexterity (+4).
   rF-:       It makes you vulnerable to fire.
   rC+:       It protects you from cold.
   rN+++:     It renders you almost immune to negative energy.
   *Corrode:  It may corrode you when you take damage.
 p - the ring "Poidirat" (right hand) {rF+ rC+}
   (You found it in the Desolation of Salt)

   [ring of protection from cold]

   rF+:       It protects you from fire.
   rC+:       It protects you from cold.
 u - a ring of willpower
 z - the amulet of Raocloz {Fly Regen+}
   (You found it in the Desolation of Salt)

   [amulet of regeneration]

   Fly:       It grants you flight.
   Regen+:    It increases your rate of health regeneration.
 J - a +4 ring of protection
 P - a ring of positive energy
 R - a +5 ring of evasion (left hand)
 V - a ring of protection from fire
 W - a ring of protection from cold
 X - a ring of see invisible
 Y - the amulet of the Air (around neck) {Inacc Air Fly rElec RMsl}
   (You found it in an ice cave)

   [amulet of nothing]

   Inacc:     It reduces the accuracy of your attacks and spells.
   Air:       It enhances your air magic.
   rElec:     It insulates you from electricity.
   Fly:       It grants you flight.
   RMsl:      It protects you from missiles.
Wands
 c - a wand of light (26)
 t - a wand of iceblast (16)
 w - a wand of paralysis (16)
 B - a wand of mindburst (10)
 E - a wand of digging (7)
Scrolls
 f - 2 scrolls of acquirement
 h - 6 scrolls of fog
 l - 3 scrolls of silence
 q - 5 scrolls of immolation
 r - 3 scrolls of revelation
 y - 7 scrolls of enchant armour
 D - 2 scrolls of poison
 H - 4 scrolls of blinking
 L - 6 scrolls of teleportation
 M - 4 scrolls of enchant weapon
 S - 2 scrolls of vulnerability
Potions
 b - 3 potions of curing
 d - 5 potions of attraction
 i - 8 potions of might
 j - a potion of cancellation
 k - 3 potions of mutation
 m - a potion of berserk rage
 n - a potion of invisibility
 C - 2 potions of haste
 F - 4 potions of enlightenment
 O - 3 potions of resistance
 Q - 2 potions of heal wounds
Miscellaneous
 e - a lightning rod (4/4)
 o - a condenser vane
 N - a phial of floods
 U - a phantom mirror
 Z - a sack of spiders


   Skills:
 + Level 16.4 Fighting
 - Level 14.0 Short Blades
 - Level 15.4 Armour
 + Level 15.0 Dodging
 * Level 0.2 Stealth
 * Level 13.9 Unarmed Combat
 - Level 8.0 Evocations


You had 17 spell levels left.
You didn't know any spells.
Your spell library was empty.

Dungeon Overview and Level Annotations

Branches:
Dungeon (15/15)            Temple (1/1) D:6            Lair (5/5) D:9
 Shoals (4/4) Lair:2        Snake (0/4) Lair:2        Slime (0/5) Lair:4
    Orc (2/2) D:11            Elf (2/3) Orc:2        Vaults (0/5) D:14
 Depths (0/4) D:15          IceCv (visited)         Desolation (visited)
Gauntlet (visited)

Altars:
Ashenzari
Cheibriados
Dithmenos
Fedhas
Gozag
Hepliaklqana
Kikubaaqudgha
Makhleb
Nemelex Xobeh
Okawaru
Qazlal
Ru
Sif Muna
Trog
Uskayaw
Vehumet
Wu Jian
Xom
Yredelemnul

Shops:
D:2 [   D:7 *   D:9 [   D:12 [   D:13 (?[!   Orc:1 *   Orc:2 =?((   Elf:2 (((*
Shoals:3 ?   Shoals:4 (

Portals:
Trove: D:11 (give +4 shadow dragon scales)

Annotations:
D:9 3 runed translucent doors
Elf:2 3 runed translucent doors


Innate Abilities, Weirdness & Mutations

You have a pair of large horns on your head.
When hurt, damage is shared between your health and your magic reserves.
You regenerate magic rapidly.
Spells you cast may paralyse nearby enemies.
You have a sharp stinger which inflicts weakening toxins.
Your touch may irresistibly damage your foes and sap their willpower.
You have hoof-like feet.


Message History

A +2 vampiric glaive comes into view.
The +3 glaive of freezing hits you!!
* * * LOW HITPOINT WARNING * * *
The +3 glaive of freezing freezes you.
* * * LOW HITPOINT WARNING * * *
You hear a shout! x2
Blink to where?
Press: ? - help, Dir - move target A +5 vampiric scimitar, a deep elf knight and 2 deep elf zephyrmancers come into view.
A deep elf zephyrmancer is wielding a +2 rapier of venom.
As you read the scroll of blinking, it crumbles to dust.
As you read the scroll of teleportation, it crumbles to dust.
You feel strangely unstable.
The deep elf zephyrmancer shouts!
A +0 long sword of freezing comes into view.
A +4 eveningstar of electrocution comes into view.
Your skin crawls.
You feel strong-willed.
The +2 short sword of speed hits you but does no damage.
The +2 short sword of speed hits you.
* * * LOW HITPOINT WARNING * * *
The deep elf knight gestures wildly while chanting.
The deep elf knight flickers and vanishes!
The +5 vampiric scimitar barely misses you.
The +2 short sword of speed hits you!
* * * LOW HITPOINT WARNING * * *
The +3 glaive of freezing hits you from afar!!
* * * LOW HITPOINT WARNING * * *
The +3 glaive of freezing freezes you.
* * * LOW HITPOINT WARNING * * *
The deep elf zephyrmancer mumbles some strange words.
The deep elf zephyrmancer blinks!
The +2 short sword of speed hits you.
* * * LOW HITPOINT WARNING * * *
You hear a shout!
You closely miss the deep elf zephyrmancer.
You headbutt the deep elf zephyrmancer!
Your punch misses the deep elf zephyrmancer.
The deep elf zephyrmancer is moderately wounded.
The +5 vampiric scimitar hits you!
You die...

............#
............# .......
............###.......
#....e.....#...#....e.
.#..(.....#....(#.....
..#......#.......#.(..
...#.e..#{.......e#...
....#..#......(....#..
.....##...(e((@e....#
#### ###############


You could see a deep elf blademaster, a deep elf knight, 2 deep elf
zephyrmancers and 6 dancing weapons.

Vanquished Creatures
  A deep elf blademaster (Elf:1)
  A deep elf master archer (Elf:1)
  A sphinx (shapeshifter) (Elf:1)
  Polyphemus (Shoals:3)
  A kraken (Shoals:3)
  Kirke (Shoals:4)
  Ilsuiw (Shoals:2)
  A frost giant (Shoals:4)
  4 deep elf elementalists
  2 deep elf sorcerers
  Louise (D:14)
  2 imperial myrmidons (Desolation)
  A deep elf annihilator (Orc:1)
  2 deep elf demonologists (Orc:1)
  3 halazid warlocks (Desolation)
  A minotaur (Gauntlet)
  A deep elf death mage (Elf:2)
  3 merfolk javelineers
  11 merfolk impalers
  A fire dragon (D:15)
  2 crystal guardians (Desolation)
  An ettin (Orc:1)
  4 ragged hierophants (Desolation)
  The ghost of eneti the Fighter, a journeyman MiFi of Okawaru (D:10)
  An ice dragon (IceCv)
  7 servants of whispers (Desolation)
  2 vault guards
  Fannar (D:11)
  12 peacekeepers (Desolation)
  2 merfolk avatars
  3 hydras
  A catoblepas (Shoals:3)
  9 centaur warriors
  6 merfolk aquamancers
  8 two-headed ogres
  3 boulder beetles
  An alligator snapping turtle (Shoals:4)
  3 satyrs
  2 tengu warriors
  9 dancing weapons
  A deep troll earth mage (D:15)
  5 orc high priests (Orc:2)
  3 large abominations (Gauntlet)
  4 death yaks
  6 deep elf knights
  5 skysharks
  3 sun demons (Shoals:1)
  2 goliath frogs (Lair:5)
  14 sea snakes
  An orange crystal statue (D:9)
  A sixfirhy (Gauntlet)
  A glowing orange brain (D:14)
  5 ironbound convokers (Desolation)
  A wizard (Elf:1)
  A deep troll (Orc:1)
  7 deep elf archers
  Pikel (D:4)
  4 lindwurms (Lair:5)
  A lindwurm (shapeshifter) (D:14)
  10 orc knights
  16 deep elf zephyrmancers
  12 harpies
  10 ugly things
  20 deep elf pyromancers
  11 fauns
  7 cyclopes
  6 black mambas
  7 merfolk sirens
  15 manticores
  A guardian serpent (Desolation)
  2 moths of wrath (Orc:1)
  A molten gargoyle (Desolation)
  5 water nymphs
  Joseph (D:7)
  2 ice statues (IceCv)
  19 cane toads
  A torpor snail (Lair:4)
  An unseen horror (D:10)
  10 rime drakes
  A tengu conjurer (D:14)
  2 kobold demonologists
  2 efreet (D:15)
  10 komodo dragons
  A silent spectre (Orc:1)
  9 trolls
  26 merfolk
  6 meliai
  3 wind drakes
  2 polar bears
  62 saltlings (Desolation)
  2 tyrant leeches (Lair:5)
  A hornet (D:10)
  A wolf spider simulacrum (D:14)
  Grinder (D:5)
  Prince Ribbit (D:5)
  18 blink frogs
  7 dream sheep
  2 air elementals
  6 snapping turtles
  18 water elementals
  15 slime creatures
  2 shadows (D:13)
  4 wraiths
  3 vampires
  32 yaks
  7 small abominations (Gauntlet)
  Eustachio (D:4)
  4 basilisks
  5 wyverns
  2 hogs (Shoals:4)
  15 vampire mosquitoes
  2 fire elementals
  A basilisk (shapeshifter) (D:9)
  Menkaure (D:7)
  A warg (Orc:2)
  2 acid dragons (D:12)
  Duvessa (D:5)
  14 water moccasins
  6 ice beasts
  2 sky beasts
  30 orc warriors
  2 black bears
  3 ogres
  2 boggarts (Elf:1)
  18 centaurs
  8 wolves (Lair:1)
  A phantom (D:4)
  2 kobold brigands
  15 bullfrogs
  3 earth elementals
  3 gnoll sergeants
  7 wights
  Dowan (D:5)
  A lindwurm simulacrum (IceCv)
  5 electric eels
  2 howler monkeys
  A hound (D:7)
  A gnoll bouda (D:5)
  2 jellies
  4 komodo dragon simulacra (IceCv)
  30 orc priests
  A sleepcap (D:5)
  Ijyb (D:4)
  Terence (D:2)
  An iguana (D:5)
  20 orc wizards
  3 hell rats (Lair:4)
  9 acid dragon simulacra (IceCv)
  22 gnolls
  An adder (D:6)
  6 river rats (Lair:4)
  2 shadow imps
  A white imp (D:8)
  7 steam dragon simulacra (IceCv)
  2 ufetubi (Gauntlet)
  A worm (D:2)
  74 orcs
  7 endoplasms
  10 goblins
  7 hobgoblins
  4 quokkas
  7 ball pythons
  4 bats
  3 frilled lizards
  11 kobolds
  5 rats
  A tentacle (Shoals:3)
994 creatures vanquished.

Vanquished Creatures (collateral kills)
  An imperial myrmidon (Desolation)
  A ragged hierophant (Desolation)
  3 servants of whispers (Desolation)
  3 ironbound convokers (Desolation)
  2 blink frogs (Lair:5)
  3 saltlings (Desolation)
  A water moccasin (Lair:5)
  A sleepcap (D:8)
15 creatures vanquished.

Vanquished Creatures (others)
  A saltling (Desolation)
  An air elemental (Elf:1)
  A human (Shoals:4)
  5 tentacles (Shoals:3)
8 creatures vanquished.

Grand Total: 1017 creatures vanquished

Notes
Turn   | Place    | Note
-------+----------+-------------------------------------------
     0 | D:1      | kuniqs the Demonspawn Berserker began the quest for the
                  | Orb.
     0 | D:1      | Reached XP level 1. HP: 18/18 MP: 1/1
   265 | D:1      | Discovered your monstrous ancestry.
   265 | D:1      | Gained mutation: You have a small tail. [demonic ancestry]
   265 | D:1      | Reached XP level 2. HP: 24/24 MP: 2/2
   928 | D:2      | Found Yprum's Armour Boutique.
   979 | D:2      | Gained mutation: Spells you cast may paralyse adjacent
                  | enemies. [demonic ancestry]
   979 | D:2      | Reached XP level 3. HP: 29/29 MP: 3/3
   979 | D:2      | Reached ** piety under Trog
  1063 | D:2      | Noticed Terence
  1070 | D:2      | Killed Terence
  1410 | D:3      | Reached XP level 4. HP: 24/35 MP: 4/4
  1626 | D:3      | Noticed an ice beast
  1636 | D:3      | Killed an ice beast
  1637 | D:3      | Gained mutation: Spells you cast may paralyse nearby
                  | enemies. [demonic ancestry]
  1637 | D:3      | Reached XP level 5. HP: 42/42 MP: 5/5
  1711 | D:3      | Found a burning altar of Makhleb.
  1798 | D:3      | Noticed a cacodemon
  2006 | D:4      | Noticed a black bear
  2017 | D:4      | Killed a black bear
  2018 | D:4      | Reached skill level 4 in Fighting
  2083 | D:4      | Found a snail-covered altar of Cheibriados.
  2096 | D:4      | Reached XP level 6. HP: 44/48 MP: 6/6
  2161 | D:4      | Noticed Ijyb
  2214 | D:4      | Killed Ijyb
  2246 | D:4      | Noticed Eustachio
  2262 | D:4      | Noticed Pikel
  2271 | D:4      | Killed Eustachio
  2282 | D:4      | Killed Pikel
  2283 | D:4      | Reached skill level 5 in Fighting
  2283 | D:4      | Gained mutation: You have a tail ending in a sharp stinger.
                  | [demonic ancestry]
  2283 | D:4      | Reached XP level 7. HP: 56/56 MP: 7/7
  2286 | D:4      | Found an opulent altar of Gozag.
  2423 | D:4      | Found an iron altar of Okawaru.
  2476 | D:4      | Reached skill level 5 in Short Blades
  2511 | D:4      | Found a bloodstained altar of Trog.
  2636 | D:4      | Gained mutation: You regenerate magic rapidly. [demonic
                  | ancestry]
  2636 | D:4      | Reached XP level 8. HP: 63/63 MP: 8/8
  2663 | D:4      | Found a basalt altar of Yredelemnul.
  2830 | D:5      | Entered Level 5 of the Dungeon
  2830 | D:5      | Noticed Prince Ribbit
  2856 | D:5      | Killed Prince Ribbit
  3093 | D:5      | Noticed Grinder
  3139 | D:5      | Noticed Dowan
  3140 | D:5      | Noticed Duvessa
  3163 | D:5      | Killed Duvessa
  3164 | D:5      | Reached skill level 6 in Fighting
  3164 | D:5      | Reached skill level 5 in Armour
  3164 | D:5      | Reached skill level 5 in Dodging
  3165 | D:5      | Killed Dowan
  3341 | D:5      | Killed Grinder
  3751 | D:5      | Gained mutation: Your touch may inflict minor irresistible
                  | damage on your foes. [demonic ancestry]
  3751 | D:5      | Reached XP level 9. HP: 71/71 MP: 9/9
  3752 | D:5      | Reached *** piety under Trog
  3855 | D:6      | Found a staircase to the Ecumenical Temple.
  3871 | Temple   | Entered the Ecumenical Temple
  4143 | D:6      | Found an ornate altar of the Wu Jian Council.
  4302 | D:7      | Found Ecafytsaely's Assorted Antiques.
  4302 | D:7      | Noticed Joseph
  4325 | D:7      | Killed Joseph
  4326 | D:7      | Reached skill level 7 in Fighting
  4446 | D:7      | Found a broken altar of Ashenzari.
  4491 | D:7      | Bought a sharpened gold wand for 96 gold pieces
  4547 | D:7      | Noticed Menkaure
  4556 | D:7      | Killed Menkaure
  4840 | D:7      | Found a hide-covered altar of Uskayaw.
  5308 | D:8      | Reached XP level 10. HP: 80/80 MP: 10/10
  5338 | D:8      | Reached **** piety under Trog
  5524 | D:8      | Noticed a cyclops
  5527 | D:8      | Noticed a centaur warrior
  5541 | D:8      | Killed a cyclops
  5558 | D:8      | Killed a centaur warrior
  5559 | D:8      | Reached skill level 8 in Fighting
  5597 | D:8      | Noticed a five-headed hydra
  5602 | D:8      | Noticed a two-headed ogre
  5748 | D:8      | Identified a scroll of acquirement
  5848 | D:8      | Killed a five-headed hydra
  5871 | D:8      | Killed a two-headed ogre
  6004 | D:8      | Identified the +5 morningstar of Descent {protect, rF+}
  6127 | D:8      | Noticed a two-headed ogre
  6139 | D:8      | Killed a two-headed ogre
  6280 | D:8      | Gained mutation: When hurt, damage is shared between your
                  | health and your magic reserves. [demonic ancestry]
  6280 | D:8      | Reached XP level 11. HP: 87/87 MP: 11/11
  6573 | D:9      | Found a runed translucent door.
  6592 | D:9      | Found a runed translucent door.
  6603 | D:9      | Found a runed translucent door.
  6614 | D:9      | Found a runed translucent door.
  6617 | D:9      | Noticed an orange crystal statue
  6638 | D:9      | Killed an orange crystal statue
  6719 | D:9      | Found Plog's Armour Boutique.
  6812 | D:9      | Found a staircase to the Lair.
  6898 | D:9      | Reached skill level 9 in Fighting
  6995 | D:9      | Found a sacrificial altar of Ru.
  7317 | D:10     | Entered Level 10 of the Dungeon
  7351 | D:10     | Noticed a two-headed ogre
  7361 | D:10     | Killed a two-headed ogre
  7548 | D:10     | Found a runed translucent door.
  7548 | D:10     | Noticed eneti's ghost (journeyman MiFi)
  7575 | D:10     | Killed eneti's ghost
  7576 | D:10     | Reached skill level 10 in Short Blades
  7630 | D:10     | Found a shadowy altar of Dithmenos.
  7689 | D:10     | Found a blossoming altar of Fedhas.
  8083 | D:10     | Noticed a two-headed ogre
  8091 | D:10     | Killed a two-headed ogre
  8420 | D:11     | Found a staircase to the Orcish Mines.
  8505 | D:11     | Noticed a vault guard
  8528 | D:11     | Killed a vault guard
  8535 | D:11     | Found a portal to a secret trove of treasure.
  8694 | D:11     | Noticed a red ugly thing
  8719 | D:11     | Killed a red ugly thing
  8744 | D:11     | Noticed Fannar
  8753 | D:11     | Killed Fannar
  8754 | D:11     | Gained mutation: You have a pair of small horns on your
                  | head. [demonic ancestry]
  8754 | D:11     | Reached XP level 12. HP: 96/97 MP: 12/12
  8950 | D:11     | Reached skill level 10 in Fighting
  8952 | D:11     | Found a hazy altar of Hepliaklqana.
  9098 | D:9      | Bought a +2 pair of boots of flying for 279 gold pieces
  9561 | D:12     | Noticed a two-headed ogre
  9579 | D:12     | Killed a two-headed ogre
  9580 | D:12     | Reached skill level 10 in Armour
  9743 | D:12     | Found a gate leading to a gauntlet.
  9787 | Gauntlet | Entered a Gauntlet
  9787 | Gauntlet | Found a transporter.
  9787 | Gauntlet | Found a transporter.
  9793 | Gauntlet | Found a transporter.
  9796 | Gauntlet | Found a transporter.
  9797 | Gauntlet | Found a transporter.
  9800 | Gauntlet | Found a transporter.
  9831 | Gauntlet | Found a transporter.
  9833 | Gauntlet | Found a transporter.
  9833 | Gauntlet | Found a transporter.
  9835 | Gauntlet | Noticed a reaper
  9840 | Gauntlet | Found a runed translucent door.
  9841 | Gauntlet | Found a runed translucent door.
  9844 | Gauntlet | Found a transporter.
  9861 | Gauntlet | Found a transporter.
  9868 | Gauntlet | Noticed an entropy weaver
  9871 | Gauntlet | Found a transporter.
  9885 | Gauntlet | Found a transporter.
  9906 | Gauntlet | Found a transporter.
 10321 | Gauntlet | Noticed a minotaur
 10338 | Gauntlet | Killed a minotaur
 10641 | D:12     | Found Ickur's Antique Armour Shoppe.
 10647 | D:12     | Bought a pair of glowing gloves for 262 gold pieces
 10794 | D:13     | Found Wuru's Distillery.
 10801 | D:13     | Bought a potion of mutation for 104 gold pieces
 10801 | D:13     | Bought a potion of heal wounds for 65 gold pieces
 10801 | D:13     | Gained mutation: You are somewhat resistant to further
                  | mutation. [potion of mutation]
 10838 | D:13     | Reached ***** piety under Trog
 10852 | D:13     | Found Bunoidy's Armour Boutique.
 11278 | D:13     | Noticed a boulder beetle
 11290 | D:13     | Killed a boulder beetle
 11358 | D:13     | Found Lejolimm's Magic Scroll Shop.
 11451 | D:13     | Found Tymom's Antique Weapon Shop.
 11859 | D:14     | Noticed a centaur warrior
 11866 | D:14     | Reached skill level 11 in Fighting
 11866 | D:14     | Gained mutation: Your touch may inflict irresistible damage
                  | on your foes. [demonic ancestry]
 11866 | D:14     | Reached XP level 13. HP: 106/106 MP: 8/13
 12095 | D:14     | Noticed Louise
 12100 | D:14     | Killed Louise
 12101 | D:14     | Reached skill level 10 in Dodging
 12603 | D:14     | Found a gate to the Vaults.
 12607 | D:14     | Identified the +1 pair of gloves of the New World {Int+3}
 13190 | D:15     | Entered Level 15 of the Dungeon
 14081 | D:15     | Received a gift from Trog
 14670 | D:15     | Found a staircase to the Depths.
 14681 | D:15     | Reached skill level 12 in Fighting
 14693 | D:15     | Gained mutation: You have a sharp stinger which inflicts
                  | weakening toxins. [demonic ancestry]
 14693 | D:15     | Reached XP level 14. HP: 95/115 MP: 12/14
 15458 | D:13     | Bought a scroll of enchant weapon for 97 gold pieces
 15562 | Lair:1   | Entered Level 1 of the Lair of Beasts
 16690 | Lair:2   | Found a staircase to the Shoals.
 16758 | Lair:2   | Received a gift from Trog
 16792 | Lair:2   | Found a staircase to the Snake Pit.
 17848 | D:13     | Bought a fading rapier for 288 gold pieces
 17848 | D:13     | Identified the +2 rapier "kuniqs's Foe" {venom, *Rage rN+
                  | Str+3 Dex+4} (You bought it in a shop on level 13 of the
                  | Dungeon)
 18051 | Lair:3   | Reached skill level 1 in Unarmed Combat
 18705 | Lair:4   | Found a staircase to the Slime Pits.
 19519 | Lair:5   | Entered Level 5 of the Lair of Beasts
 19550 | Lair:5   | Reached skill level 13 in Fighting
 19938 | Lair:5   | Reached ****** piety under Trog
 20047 | Lair:5   | Found a frozen archway.
 20063 | IceCv    | Entered an ice cave
 20081 | IceCv    | Received a gift from Trog
 20299 | IceCv    | Reached XP level 15. HP: 124/124 MP: 12/15
 20300 | IceCv    | Found the amulet of the Air {Inacc Air Fly rElec RMsl}
 20836 | Lair:5   | Reached skill level 5 in Unarmed Combat
 21121 | Lair:5   | Found the +5 moon troll leather armour {Spirit, Regen++
                  | MP+5}
 21581 | Orc:1    | Entered Level 1 of the Orcish Mines
 21733 | Orc:1    | Found Uczeki's General Store.
 21748 | Orc:1    | Bought a scroll of noise for 14 gold pieces
 21748 | Orc:1    | Bought a scroll of fog for 56 gold pieces
 22059 | Orc:1    | Found a transporter.
 22121 | Orc:1    | Found a shimmering blue altar of Sif Muna.
 22359 | Orc:1    | Found a transporter.
 22359 | Orc:1    | Found a runed translucent door.
 22359 | Orc:1    | Found a bloodstained altar of Trog.
 22359 | Orc:1    | Found the +8 Wrath of Trog {antimagic, *Rage Rampage}
 22470 | Orc:1    | Noticed a deep elf sorcerer
 22590 | Orc:1    | Killed a deep elf sorcerer
 22641 | Orc:1    | Identified the +9 plate armour "Pusipp" {Dex+2}
 22727 | Orc:2    | Entered Level 2 of the Orcish Mines
 22732 | Orc:2    | Received a gift from Trog
 22761 | Orc:2    | Found a staircase to the Elven Halls.
 22893 | Orc:2    | Reached skill level 15 in Armour
 22928 | Orc:2    | Gained mutation: You are frail. (-10% HP) [a neqoxec]
 22980 | Orc:1    | Lost mutation: You are frail. (-10% HP) [potion of
                  | mutation]
 22980 | Orc:1    | Lost mutation: You are somewhat resistant to further
                  | mutation. [potion of mutation]
 22980 | Orc:1    | Gained mutation: You have a pair of horns on your head.
                  | [potion of mutation]
 22980 | Orc:1    | Gained mutation: You have a pair of large horns on your
                  | head. [potion of mutation]
 22980 | Orc:1    | Gained mutation: You have large cloven feet. [potion of
                  | mutation]
 22980 | Orc:1    | Gained mutation: You have hoof-like feet. [potion of
                  | mutation]
 23248 | Orc:2    | Reached skill level 14 in Fighting
 23502 | Orc:2    | Received a gift from Trog
 23796 | Orc:2    | Found Acuuwnodoqi's Magic Scroll Boutique.
 23799 | Orc:2    | Found Noubliq's Antique Weapon Shop.
 23800 | Orc:2    | Found Reampimn's Jewellery Boutique.
 23801 | Orc:2    | Found Xuedycse's Antique Weapon Boutique.
 23810 | Orc:2    | Bought a scroll of teleportation for 54 gold pieces
 23810 | Orc:2    | Bought a scroll of blinking for 135 gold pieces
 23810 | Orc:2    | Bought a scroll of enchant weapon for 135 gold pieces
 23810 | Orc:2    | Bought a scroll of enchant armour for 135 gold pieces
 23810 | Orc:2    | Bought a scroll of immolation for 72 gold pieces
 23810 | Orc:2    | Bought a scroll of revelation for 135 gold pieces
 23814 | Orc:2    | Bought a +5 ring of evasion for 360 gold pieces
 24039 | Shoals:1 | Entered Level 1 of the Shoals
 24424 | Shoals:1 | Reached XP level 16. HP: 133/133 MP: 16/16
 24997 | Shoals:2 | Reached skill level 1 in Evocations
 25112 | Shoals:2 | Received a gift from Trog
 25136 | Shoals:2 | Noticed Ilsuiw
 25218 | Shoals:2 | Killed Ilsuiw
 25704 | Shoals:2 | Identified the +8 spear "Laekuy" {spect, Str+5}
 26135 | Shoals:3 | Identified the +1 pair of gloves of Autumn {-Tele rPois
                  | Slay+3}
 26215 | Shoals:3 | Found Omimur's Magic Scroll Shop.
 26218 | Shoals:3 | Bought a scroll of teleportation for 60 gold pieces
 26218 | Shoals:3 | Bought a scroll of teleportation for 60 gold pieces
 26218 | Shoals:3 | Bought a scroll of enchant armour for 150 gold pieces
 26536 | Shoals:3 | Received a gift from Trog
 26607 | Shoals:3 | Noticed Polyphemus
 26632 | Shoals:3 | Killed Polyphemus
 26633 | Shoals:3 | Reached skill level 5 in Evocations
 26988 | Shoals:3 | Noticed a kraken
 27007 | Shoals:3 | Killed a kraken
 27056 | Shoals:4 | Entered Level 4 of the Shoals
 27064 | Shoals:4 | Reached skill level 10 in Unarmed Combat
 27184 | Shoals:4 | Found Hedor's Antique Weapon Emporium.
 27671 | Shoals:4 | Received a gift from Trog
 27866 | Shoals:4 | Mutation became permanent: You have a pair of horns on your
                  | head. [demonic ancestry]
 27866 | Shoals:4 | Gained mutation: You have a pair of large horns on your
                  | head. [demonic ancestry]
 27866 | Shoals:4 | Reached XP level 17. HP: 115/140 MP: 16/17
 27961 | Shoals:4 | Noticed Kirke
 27987 | Shoals:4 | Killed Kirke
 28111 | Shoals:4 | Reached skill level 15 in Fighting
 28310 | Shoals:4 | Got a barnacled rune of Zot
 28766 | Elf:1    | Entered Level 1 of the Elven Halls
 28876 | Elf:1    | Found a crumbling gateway.
 28881 | Desolati | Entered the Desolation of Salt
 28990 | Desolati | Identified the ring "Bowai" {Ice *Corrode rN+++ Dex+4}
 28992 | Desolati | Identified the ring "Poidirat" {rF+ rC+}
 29008 | Desolati | Identified the +2 plate armour of the Gate {rF+}
 29034 | Desolati | Identified the +3 ice dragon scales of Intense Fun {+Inv
                  | rF- rC++ Dex+2}
 29283 | Desolati | HP: 7/142 [imperial myrmidon/+0 scimitar (29)]
 29459 | Desolati | Received a gift from Trog
 29554 | Desolati | Identified the ring of the Scavenger {Fly Int+3}
 29572 | Desolati | Identified the +3 mace "Demonbane" {flame, rC+ Dex-2
                  | Stlth+}
 29581 | Desolati | Identified the staff "Impslayer" {rF+ Str+4 Int+4 Fire}
 29764 | Desolati | Identified the amulet of Raocloz {Fly Regen+}
 30096 | Desolati | Gained mutation: Your touch may irresistibly damage your
                  | foes and sap their willpower. [demonic ancestry]
 30096 | Desolati | Reached XP level 18. HP: 151/151 MP: 18/18
 30427 | Elf:1    | Reached skill level 16 in Fighting
 30488 | Elf:1    | Identified the staff of Wyrd {Contam rC+ rN+ rCorr Ice}
 31238 | Elf:1    | Identified the -1 cloak of the Devil {*Slow rPois rC+}
 31331 | Elf:2    | Found Iovaiv's Incredible Inventory.
 31332 | Elf:2    | Found Wishumnu's Antique Weapon Emporium.
 31390 | Elf:2    | Received a gift from Trog
 31453 | Elf:2    | Bought a potion of invisibility for 144 gold pieces
 31453 | Elf:2    | Bought a scroll of immolation for 72 gold pieces
 31493 | Elf:2    | Found Qeheuni's Weapon Emporium.
 31699 | Elf:2    | Found Jolacocs's Weapon Shoppe.
 31760 | Elf:2    | Found Opnoic's Antique Weapon Shop.
 31833 | Elf:2    | Reached skill level 15 in Dodging
 31853 | Elf:2    | Found a runed translucent gate.
 31853 | Elf:2    | Found a runed translucent gate.
 31853 | Elf:2    | Found a runed translucent gate.
 31961 | Elf:2    | Identified the +0 buckler of the Silversmith {rN+ Str+2
                  | Dex+4}
 31976 | Elf:2    | HP: 7/153 [+2 short sword of speed (5)]
 31977 | Elf:2    | Slain by a +5 vampiric scimitar

Illustrated notes

Levels and vault maps discovered:
D:1:      dpeg_arrival_water_temple_mockup, layout_loops_corners
D:2:      layout_rooms, serial_shops, nicolae_shop_stone, uniq_terence
D:3:      layout_loops_cross, makhleb_altar_promises_db
D:4:      layout_rooms, nicolae_gozag_seed_capital, kennysheep_mini,
          mainiacjoe_overflow_24_doors, mainiacjoe_overflow_catwalk,
          marbit_many_paths, hangedman_decor_riveting, uniq_ijyb,
          uniq_eustachio, uniq_pikel
D:5:      layout_basic, serial_bayou_pond_a, uniq_grinder, uniq_prince_ribbit1,
          uniq_duvessa
D:6:      layout_basic, lemuel_coloured_pillars_altar,
          minmay_temple_entry_overgrown
D:7:      layout_gridville, nicolae_overflow_crystal_walls,
          cheibrodos_ashenzari_chains, serial_shops,
          nicolae_shop_tiny_waterfront, chequers_serial_rivers_room_b,
          uniq_menkaure, uniq_joseph
D:8:      layout_loops_ring, st_stairs_6, minmay_pinched_square
D:9:      layout_irregular_city, mainiacjoe_overflow_six_doors_small,
          lair_entry_dummy, serial_shops, nicolae_shop_stone,
          minmay_statue_crystal_thing
D:10:     layout_loops_corners, nicolae_overflow_hidden_temple, tso_altar,
          hellmonk_ghost_happy_afterlife
D:11:     layout_roguey, orc_0_dummy, enter_trove_5,
          worldfamousw_hep_ancestral_shrine, uniq_fannar
D:12:     layout_roguey, gauntlet_entry_generic, serial_shops,
          nicolae_shop_rolling_square
D:13:     layout_basic, serial_shops, nicolae_shop_advertising_works
          [nicolae_subvault_shop_adworks], nicolae_shop_hallway_stairs, shop,
          nicolae_shop_waterfront, serial_co_window_serial, co_window_paths_a,
          co_window_corner_a, co_window_of_opportunity_a, co_window_paths_a,
          co_window_of_opportunity_a, co_window_2corner, co_window_corner_b,
          co_window_paths_c, co_window_broadway_b, co_window_broadway_b,
          co_window_broadway_a, co_window_paths_e, glass_columns_c,
          glass_columns_b, glass_columns_b, glass_columns_c
D:14:     layout_basic, hellmonk_vaults_order_and_chaos, serial_corexii_hall,
          corexii_hall_statues_x, corexii_hall_statues_x, uniq_louise
D:15:     hellmonk_depths_entry_around_the_bend, layout_basic,
          minmay_fountain_box
Temple:   pf_temple_reverse_labyrinth
Lair:1:   layout_misc_corridors, beast_lair_carwin_11, grunt_megastairs_3
Lair:2:   layout_roguey, minmay_shoals_entry_hut, guppyfry_snake_entry_island
Lair:3:   layout_chaotic_city, serial_bayou_shore_b
Lair:4:   layout_cave_pods, dpeg_slime_entry_corner,
          chequers_serial_rivers_large_a, minivault_24, ldierk_geyser,
          kennysheep_abandoned_house
Lair:5:   minmay_lair_end_frog_pond, layout_big_grid, portal_ice_cave_rime,
          minmay_lindwurm_lava
Shoals:1: layout_shoals, nicolae_shoals_sun_and_surf
Shoals:2: layout_shoals, uniq_ilsuiw
Shoals:3: layout_shoals, serial_shops, nicolae_shop_pleasant_corner_grove,
          uniq_polyphemus
Shoals:4: shoals_end_grunt_ice, layout_shoals, serial_shops, shop,
          nicolae_shoals_gull_way, uniq_kirke
Orc:1:    emtedronai_trogs_sanctum, layout_diamond_mine, serial_shops, shop,
          nicolae_orc_stony_grotto, nicolae_orc_rockfall, led_sif_book
Orc:2:    st_orc_pillars, layout_diamond_mine, basic_altar,
          nicolae_orc_crystal_geode
Elf:1:    minmay_the_grid_square_5x5_3x3 [minmay_the_grid_square_5x5_minibox,
          minmay_the_grid_square_5x5_minivault,
          minmay_the_grid_square_5x5_lines, minmay_the_grid_square_5x5_plus,
          minmay_the_grid_square_5x5_megaprize_open,
          minmay_the_grid_square_5x5_hollow_slash,
          minmay_the_grid_square_5x5_two_walls_a,
          minmay_the_grid_square_5x5_misaligned,
          minmay_the_grid_square_5x5_minimal], layout_onion_city,
          portal_desolation_entry_ruin, hangedman_elf_disciples,
          nicolae_elf_martial_mastery
Elf:2:    nicolae_elf_blades_splatter_lattice [nicolae_blade_entry_antechamber],
          layout_loops_cross, serial_shops, shop, nicolae_lakefront_shop,
          nicolae_lakefront_shop, nicolae_diamond_shop, nicolae_alphabet_shops

Skill      XL: |  1  2  3  4  5  6  7  8  9 10 11 12 13 14 15 16 17 18 |
---------------+-------------------------------------------------------+-----
Dodging        | 2 3 4 5 6 7 8 9 10 12 13 14 15 | 15.0
Armour         | 2 3 4 5 6 7 9 11 13 14 15 | 15.4
Short Blades   | 3 4 5 6 7 9 11 12 13 14 | 14.0
Fighting       | 4 5 6 7 8 9 11 12 13 14 15 16 | 16.4
Unarmed Combat | 4 8 10 12 13 | 13.9
Evocations     | 6 8 |  8.0
Stealth        | |  0.2

Action                     |  1- 3 |  4- 6 |  7- 9 | 10-12 | 13-15 | 16-18 || total
---------------------------+-------+-------+-------+-------+-------+-------++-------
  Melee: Short sword       |   118 |   136 |   460 |   862 |   870 |       ||  2446
         Tailslap          |    12 |    16 |    86 |   196 |   365 |   277 ||   952
         Punch             |     1 |     3 |     4 |    19 |    47 |   128 ||   202
         Touch             |       |       |    52 |   208 |   373 |   268 ||   901
         Headbutt          |       |       |       |   107 |   528 |   411 ||  1046
         Rapier            |       |       |       |       |   880 |  1407 ||  2287
         Kick              |       |       |       |       |    44 |    75 ||   119
  Throw: Dart              |       |       |       |    10 |     1 |       ||    11
 Invoke: Berserk           |     2 |     3 |    10 |    18 |    10 |     3 ||    46
         Trog's Hand       |       |     1 |     1 |     1 |     4 |     7 ||    14
         Brothers in Arms  |       |       |       |       |     1 |     6 ||     7
  Evoke: Wand              |       |       |     3 |     7 |    11 |       ||    21
         Condenser vane    |       |       |       |     1 |     1 |       ||     2
    Use: Scroll            |       |       |       |    21 |    11 |     9 ||    41
         Potion            |       |       |       |     2 |     2 |    12 ||    16
   Stab: Invisible         |       |       |       |     5 |       |     2 ||     7
         Paralysed         |       |       |       |     8 |       |       ||     8
         Distracted        |       |       |       |       |     1 |     2 ||     3
 Armour: Chain mail        |    66 |       |       |       |       |       ||    66
         Scale mail        |    13 |   103 |   226 |   421 |   667 |       ||  1430
         Troll leather arm |       |       |       |       |   185 |   654 ||   839
  Dodge: Dodged            |    47 |    62 |   163 |   317 |   973 |  1205 ||  2767
         Repelled          |       |       |       |       |     1 |    10 ||    11

Table legend: (Time is in decaauts)
 A = Elapsed time spent in this place.
 B = Non-inter-level travel time spent in this place.
 C = Inter-level travel time spent in this place.
 D = Time resting spent in this place.
 E = Time spent auto-exploring this place.
 F = Levels seen in this place.
 G = Mean time per level.
                   A        B        C        D        E       F      G
               +--------+--------+--------+--------+--------+-----+--------+
         Total |  31248 |  28862 |   2386 |   5497 |  15474 |  32 |  976.5 |
       Dungeon |  15054 |  13653 |   1401 |   2839 |   7755 |  15 | 1003.6 |
        Temple |      1 |      1 |      0 |      0 |      0 |   1 |    1.0 |
          Lair |   5211 |   4669 |    542 |    764 |   2904 |   5 | 1042.2 |
        Shoals |   4586 |   4395 |    191 |    912 |   2264 |   4 | 1146.5 |
  Orcish Mines |   2305 |   2102 |    203 |    174 |   1134 |   2 | 1152.5 |
   Elven Halls |   1875 |   1828 |     47 |    163 |   1029 |   2 |  937.5 |
      Ice Cave |    431 |    431 |      0 |    146 |     71 |   1 |  431.0 |
    Desolation |   1221 |   1221 |      0 |    265 |    317 |   1 | 1221.0 |
      Gauntlet |    561 |    561 |      0 |    230 |      0 |   1 |  561.0 |
               +--------+--------+--------+--------+--------+-----+--------+

Top non-repeatable levels by time:
    D:15: 2123 daAuts
Shoals:4: 1485 daAuts
     D:8: 1389 daAuts
  Lair:4: 1279 daAuts
    D:14: 1268 daAuts
   Elf:1: 1259 daAuts
    D:10: 1233 daAuts
Desolation: 1221 daAuts
   Orc:1: 1208 daAuts
    D:13: 1156 daAuts
  Lair:5: 1130 daAuts
   Orc:2: 1097 daAuts
Shoals:3: 1093 daAuts
  Lair:2: 1058 daAuts
Shoals:2: 1026 daAuts
